 Dungeon Crawl Stone Soup version 0.22.0-75-g3901e79 (webtiles) character file.

21883 CunnettoGentile the Protected (level 12, -11/110 HPs)
             Began as a Minotaur Fighter on Sept 11, 2018.
             Was the Champion of Okawaru.
             Killed from afar by a lindwurm (26 damage)
             ... with a blast of flame
             ... summoned by Kirke
             ... on level 3 of the Lair of Beasts.
             The game lasted 00:17:59 (14715 turns).

CunnettoGentile the Protected (Minotaur Fighter)   Turns: 14715, Time: 00:17:59

Health: -11/110    AC:  0    Str: 25    XL:     12   Next: 58%
Magic:  17/17      EV: 20    Int:  5    God:    Okawaru [******]
Gold:   789        SH:  0    Dex: 11    Spells: 11/11 levels left

rFire    . . .     SeeInvis .   (weapon currently unavailable)
rCold    . . .     Gourm    .   (shield currently unavailable)
rNeg     . . .     Faith    .   (armour currently unavailable)
rPois    .         Spirit   .   (helmet currently unavailable)
rElec    .         Reflect  .   (cloak currently unavailable)
rCorr    .         Harm     .   (gloves currently unavailable)
MR       .....                  (boots currently unavailable)
Stlth    +.........             (no amulet)
HPRegen  0.28/turn              (ring currently unavailable)
MPRegen  0.15/turn              (ring currently unavailable)

@: about to teleport, pig-form, slowed
A: small, (retaliatory headbutt)
a: Heroism, Finesse, Renounce Religion


You were on level 3 of the Lair of Beasts.
You worshipped Okawaru.
Okawaru was exalted by your worship.
You were very hungry.
You were a filthy swine.
You visited 2 branches of the dungeon, and saw 14 of its levels.
You also visited: Ossuary.

You collected 1013 gold pieces.
You spent 224 gold pieces at shops.

Inventory:

Hand Weapons
 I - a +1 battleaxe of flaming (melded)
Armour
 q - a +1 plate armour (melded)
 r - a +1 pair of gloves (melded)
Jewellery
 i - a +2 ring of strength (melded)
 j - an uncursed ring of poison resistance {unknown}
 l - an uncursed ring of see invisible
 s - a ring of positive energy (melded)
 x - a +1 ring of evasion {unknown}
 L - an uncursed ring of wizardry {unknown}
 M - an uncursed ring of magical power {unknown}
 R - a cursed ring of teleportation {unknown}
Wands
 a - a wand of polymorph (15)
 n - a wand of random effects (68)
 o - a wand of acid (27)
 u - a wand of iceblast (29)
 z - a wand of disintegration (9)
 G - a wand of digging (9)
 O - a wand of paralysis (13)
 P - a wand of flame (27)
Scrolls
 b - 2 scrolls of fog
 c - a scroll of vulnerability {unknown}
 e - a scroll of magic mapping {unknown}
 h - 6 scrolls of identify
 k - 11 scrolls of teleportation
 m - 2 scrolls of enchant armour
 t - 2 scrolls of fear
 v - 2 scrolls of noise
 y - 7 scrolls of remove curse
 D - 3 scrolls of amnesia
 F - a scroll of blinking {unknown}
 K - 2 scrolls of immolation {unknown}
 N - 2 scrolls of enchant weapon {unknown}
 Q - a scroll of random uselessness {unknown}
 S - a scroll of torment {unknown}
Potions
 d - a potion of cancellation {unknown}
 g - 4 potions of agility {unknown}
 p - 4 potions of heal wounds
 w - 4 potions of flight {unknown}
 A - 4 potions of haste {unknown}
 B - a potion of magic {unknown}
 C - 2 potions of berserk rage
 E - 2 potions of might
 H - a potion of lignification {unknown}
 J - a potion of mutation {unknown}
Comestibles
 f - 20 rations


   Skills:
 * Level 11.5 Fighting
 * Level 11.4 Axes
   Level 1.0(7.4) Maces & Flails
 * Level 11.6 Armour
 * Level 10.2 Dodging
   Level 6.6 Shields
 * Level 9.1 Invocations


You had 11 spell levels left.
You didn't know any spells.
Your spell library contained the following spells:

 Spells                   Type           Power        Failure   Level  Hunger
 Animate Skeleton         Necr           N/A          47%         1    ##.....
 Apportation              Tloc           #.....       47%         1    ##.....
 Confusing Touch          Hex            #.....       47%         1    ##.....
 Corona                   Hex            #......      47%         1    ##.....
 Summon Small Mammal      Summ           #...         47%         1    ##.....
 Ensorcelled Hibernation  Hex/Ice        #.....       63%         2    ###....
 Confuse                  Hex            #.......     85%         3    ####...
 Dazzling Spray           Conj/Hex       #.....       85%         3    ####...
 Tukima's Dance           Hex            #.......     85%         3    ####...
 Bolt of Magma            Conj/Fire/Erth #.........   100%        5    ######.
 Iskenderun's Battlesphe  Conj/Chrm      #.......     100%        5    ######.
 Venom Bolt               Conj/Pois      #.........   100%        5    ######.
 Iron Shot                Conj/Erth      #.........   100%        6    #######
 Orb of Destruction       Conj           #.........   100%        7    #######
 Spellforged Servitor     Conj/Summ      #.........   100%        7    #######


Dungeon Overview and Level Annotations

Branches:
Dungeon (10/15)            Temple (0/1) D:4            Lair (4/6) D:8
 Shoals (0/4) Lair:2       Spider (0/4) Lair:2
    Orc: D:9-12

Altars:
Ashenzari
Cheibriados
Fedhas
Kikubaaqudgha
Makhleb
Okawaru
Trog
Wu Jian
Xom
Yredelemnul
Zin
The Shining One

Shops:
D:8 (

Annotations:
D:10 1 runed door
Lair:3 exclusion: oklob plant
Lair:4 Kirke


Innate Abilities, Weirdness & Mutations

((You reflexively headbutt those who attack you in melee.))
((You have a pair of horns on your head.))


Message History

The hog is lightly wounded.
The hog misses you.
You hear some strange, mumbled words.
Something tries to affect you, but you resist.
The hog bites you.
* * * LOW HITPOINT WARNING * * *
You hear some strange, mumbled words.
Something summons a lindwurm!
The hog barely misses you. Something hits you!
* * * LOW HITPOINT WARNING * * *
The lindwurm breathes flames at you. The blast of flame misses you.
As you read the scroll of teleportation, it crumbles to dust.
You feel strangely unstable. The hog barely misses you.
The lindwurm misses you. x2; The lindwurm claws you!
* * * LOW HITPOINT WARNING * * *
You are feeling very hungry.
The lindwurm breathes flames at you. The blast of flame hits you!
You die...

# #.....♣.....##..## ### #...
###.......#.#P...# #..#
#.#.<...###...## #..# ###.#####P#
##..##### #..#
###.P'P#P#######'#.##.## ##..#
..........####....)....# ##..#.
..........#..#.........#####.....
..........+.#..........##P#......
...[......#>.h..h......#[..+.....
.............#k........+.##......
..........#.............####.....
...........###.........## #.#...
...........###.........# ####..
.........[###....).....## ###..
#####.#.### ###P.+###...# ##.#.#
##### ##...# ##### #.##.. ##
#..P.###.#######...#


You could see a lindwurm and a hog.

Vanquished Creatures
  2 hydras
  A two-headed ogre (D:10)
  Pikel (D:6)
  An elephant (Lair:4)
  Joseph (D:9)
  A merfolk siren (Lair:2)
  3 black mambas
  4 spiny frogs
  3 komodo dragons
  6 jumping spiders (Lair:2)
  Prince Ribbit (D:6)
  12 blink frogs
  5 hippogriffs
  Sigmund (D:6)
  3 redbacks (Lair:2)
  20 yaks
  3 hogs (Lair:4)
  Menkaure (Ossuary)
  2 hungry ghosts
  Edmund (D:5)
  7 water moccasins
  2 porcupines (Lair:3)
  3 ice beasts
  A sky beast (D:6)
  3 slaves (D:6)
  5 orc warriors
  4 ogres
  3 black bears
  2 phantoms
  3 centaurs
  4 crocodiles
  2 big kobolds
  12 bullfrogs
  A gnoll sergeant (D:8)
  6 scorpions
  A wyvern skeleton (D:7)
  5 killer bees (D:9)
  5 howler monkeys
  3 crimson imps
  2 bullfrog zombies
  4 hounds
  A bullfrog skeleton (D:9)
  5 jellies
  A centaur skeleton (D:6)
  6 orc priests
  4 iguanas
  9 orc wizards
  9 worker ants
  A killer bee zombie (D:9)
  2 mummies (Ossuary)
  2 howler monkey zombies
  A worker ant zombie (D:8)
  20 gnolls
  11 adders
  A howler monkey skeleton (D:10)
  2 shadow imps (D:5)
  5 oozes (D:8)
  An adder zombie (D:10)
  An adder skeleton (D:4)
  2 worms
  3 dart slugs
  7 leopard geckos
  40 orcs
  10 giant cockroaches
  3 goblins
  7 hobgoblins
  10 jackals
  18 kobolds
  4 quokkas
  3 ball pythons
  6 bats
  4 frilled lizards
  A gnoll skeleton (Ossuary)
  4 gnoll zombies (Ossuary)
  A goblin skeleton (Ossuary)
  4 goblin zombies (Ossuary)
  5 hobgoblin skeletons (Ossuary)
  2 hobgoblin zombies (Ossuary)
  2 kobold skeletons (Ossuary)
  2 kobold zombies (Ossuary)
  3 orc skeletons (Ossuary)
  3 orc zombies (Ossuary)
  A quokka skeleton (D:7)
  5 rats (D:1)
  2 rat skeletons (Ossuary)
  3 rat zombies (Ossuary)
387 creatures vanquished.

Vanquished Creatures (others)
  A mummy (Ossuary)
  A gnoll zombie (Ossuary)
  A goblin skeleton (Ossuary)
  3 goblin zombies (Ossuary)
  3 hobgoblin skeletons (Ossuary)
  2 kobold skeletons (Ossuary)
  A kobold zombie (Ossuary)
  3 orc skeletons (Ossuary)
  2 orc zombies (Ossuary)
  2 rat skeletons (Ossuary)
  2 fungi
  4 plants (Lair:3)
25 creatures vanquished.

Grand Total: 412 creatures vanquished

Notes
Turn   | Place    | Note
-------+----------+-------------------------------------------
     0 | D:1      | CunnettoGentile the Minotaur Fighter began the quest for
                  | the Orb.
     0 | D:1      | Reached XP level 1. HP: 19/19 MP: 0/0
    69 | D:1      | Reached XP level 2. HP: 18/27 MP: 1/1
   348 | D:1      | Reached skill level 1 in Dodging
   375 | D:1      | Reached XP level 3. HP: 31/33 MP: 2/2
   932 | D:2      | Reached XP level 4. HP: 12/40 MP: 3/3
  1387 | D:2      | Found a faded altar of an unknown god.
  1784 | D:3      | Found a snail-covered altar of Cheibriados.
  1886 | D:3      | Reached XP level 5. HP: 47/47 MP: 4/4
  1974 | D:3      | Found an iron altar of Okawaru.
  2001 | D:3      | Became a worshipper of Warmaster Okawaru
  2156 | D:3      | Found an ornate altar of the Wu Jian Council.
  2156 | D:3      | Found a basalt altar of Yredelemnul.
  2283 | D:3      | Found a glowing golden altar of the Shining One.
  2441 | D:4      | Found a glowing silver altar of Zin.
  2513 | D:4      | Found a staircase to the Ecumenical Temple.
  2796 | D:4      | Reached skill level 1 in Invocations
  2811 | D:4      | Reached XP level 6. HP: 21/55 MP: 5/5
  3370 | D:4      | Reached skill level 5 in Fighting
  3370 | D:4      | Reached skill level 5 in Armour
  3682 | D:5      | Entered Level 5 of the Dungeon
  3697 | D:5      | Reached * piety under Okawaru
  3711 | D:5      | Reached XP level 7. HP: 46/61 MP: 7/7
  3800 | D:5      | Reached skill level 5 in Axes
  4218 | D:5      | Noticed Edmund
  4225 | D:5      | Reached ** piety under Okawaru
  4232 | D:5      | Reached XP level 8. HP: 27/70 MP: 9/9
  4248 | D:5      | Killed Edmund
  4248 | D:5      | Reached skill level 5 in Shields
  4845 | D:6      | Noticed Sigmund
  4854 | D:6      | Noticed Prince Ribbit
  4883 | D:6      | Killed Sigmund
  4883 | D:6      | Reached *** piety under Okawaru
  4889 | D:6      | Killed Prince Ribbit
  4889 | D:6      | Reached skill level 5 in Dodging
  5373 | D:6      | Noticed Pikel
  5390 | D:6      | Killed Pikel
  5390 | D:6      | Reached **** piety under Okawaru
  5390 | D:6      | Reached XP level 9. HP: 49/79 MP: 11/11
  5706 | D:7      | Found a shattered altar of Ashenzari.
  5714 | D:7      | Found a bloodstained altar of Trog.
  5714 | D:7      | Found an iron altar of Okawaru.
  5956 | D:7      | Found a sand-covered staircase.
  5961 | Ossuary  | Entered an ossuary
  6194 | Ossuary  | Noticed Menkaure
  6200 | Ossuary  | Killed Menkaure
  6200 | Ossuary  | Reached skill level 5 in Invocations
  7332 | D:7      | Found a basalt altar of Yredelemnul.
  7406 | D:7      | Reached ***** piety under Okawaru
  7406 | D:7      | Received a gift from Okawaru
  7743 | D:8      | Reached XP level 10. HP: 52/88 MP: 13/13
  7752 | D:8      | Found a blossoming altar of Fedhas.
  7753 | D:8      | Found an ancient bone altar of Kikubaaqudgha.
  8024 | D:8      | Found a staircase to the Lair.
  8131 | D:8      | Reached skill level 1 in Maces & Flails
  8197 | D:8      | Found Tinn's Weapon Shop.
  8202 | D:8      | Bought a +1 battleaxe of flaming for 224 gold pieces
  8742 | D:9      | Noticed Joseph
  8756 | D:9      | Received a gift from Okawaru
  8767 | D:9      | Killed Joseph
  9629 | D:9      | Found a burning altar of Makhleb.
  9770 | D:9      | Reached XP level 11. HP: 85/97 MP: 15/15
 10016 | D:9      | Found a shimmering altar of Xom.
 10026 | D:10     | Entered Level 10 of the Dungeon
 10067 | D:10     | Found a runed door.
 10179 | D:10     | Noticed a two-headed ogre
 10187 | D:10     | Killed a two-headed ogre
 10662 | Lair:1   | Entered Level 1 of the Lair of Beasts
 10875 | Lair:1   | Reached skill level 10 in Armour
 10928 | Lair:1   | Reached skill level 10 in Fighting
 11360 | Lair:1   | Reached skill level 10 in Axes
 11915 | Lair:1   | Reached ****** piety under Okawaru
 12590 | Lair:2   | Noticed an eight-headed hydra
 12609 | Lair:2   | Killed a five-headed hydra
 12609 | Lair:2   | Received a gift from Okawaru
 12629 | Lair:2   | HP: 5/101 [blink frog (10)]
 12973 | Lair:2   | Reached XP level 12. HP: 82/108 MP: 17/17
 13095 | Lair:2   | Found a hole to the Spider Nest.
 13533 | Lair:2   | Found a staircase to the Shoals.
 13690 | Lair:3   | Received a gift from Okawaru
 13947 | Lair:3   | Reached skill level 10 in Dodging
 14685 | Lair:4   | Noticed a four-headed hydra
 14690 | Lair:4   | Killed a two-headed hydra
 14691 | Lair:4   | Noticed Kirke
 14715 | Lair:3   | Killed from afar by a lindwurm

Skill      XL: |  1  2  3  4  5  6  7  8  9 10 11 12 |
---------------+-------------------------------------+-----
Axes           | 3 4 5 7 9 10 11 | 11.4
Dodging        | 1 2 3 4 5 6 8 9 10 | 10.2
Fighting       | 4 5 6 7 8 9 10 11 | 11.5
Armour         | 4 5 6 7 8 9 10 11 | 11.6
Shields        | 4 5 6 |  6.6
Invocations    | 1 2 3 4 5 6 8 9 |  9.1
Maces & Flails | 1 |  1.0

Action                   |  1- 3 |  4- 6 |  7- 9 | 10-12 || total
-------------------------+-------+-------+-------+-------++-------
Melee: War axe           |    75 |   167 |   351 |    91 ||   684
       Headbutt          |     6 |    25 |    77 |    94 ||   202
       Battleaxe         |       |       |       |   422 ||   422
       Unarmed           |       |       |       |     1 ||     1
  Use: Potion            |       |     2 |     4 |     4 ||    10
       Scroll            |       |       |     9 |     3 ||    12
  Eat: Ration            |       |     1 |     2 |     2 ||     5
       Chunk             |       |     5 |    10 |    16 ||    31
Armor: Scale mail        |    29 |    43 |       |       ||    72
       Chain mail        |       |    43 |     5 |       ||    48
       Plate armour      |       |       |   159 |   406 ||   565
Dodge: Dodged            |    28 |    48 |    83 |   361 ||   520
Block: Shield            |    42 |   100 |   163 |    54 ||   359
